Map: Neon Violet Square LE

Players

Ornitorrinko

  • Race: Zerg Zerg
  • League: Gold
  • Spawn Location: 5:00

Endofo - Winner!

  • Race: Protoss Protoss
  • League: Gold
  • Spawn Location: 11:00

VOD

Have the link to the VOD?

Description

For Dave to tell me what i could be better at.

Time

  • Played on: March 8, 2018, 11:36 a.m.
  • Length: 10:23
Show
View Real Time Build Order
Export as new Build Order

Ornitorrinko Zerg 

Build Orders: Pool First 

Get SALT Encoding   

  12  0:25  Drone  
  13  0:30  Drone  
  13  0:31  Spawning Pool  
  13  0:32  Drone  
  14  0:40  Overlord  
  14  0:59  Extractor  
  14  1:00  Drone x2  
  15  1:09  Drone  
  16  1:18  Queen  
  18  1:29  Roach Warren  
  18  1:30  Drone  
  18  1:38  Drone  
  19  1:43  Overlord  
  19  1:52  Drone  
  20  2:03  Queen  
  20  2:04  Overlord  
  22  2:14  Roach  
  24  2:28  Roach  
  24  2:29  Roach x3  
  32  2:40  Roach  
  34  2:50  Roach  
  36  2:58  Extractor  
  35  3:13  Drone x3  
  35  3:15  Hatchery  
  35  3:19  Drone  
  38  3:29  Burrow  
  38  3:33  Overlord  
  38  3:47  Overlord  
  38  3:55  Drone x2  
  40  3:59  Roach  
  42  4:09  Roach  
  46  4:10  Roach x2  
  48  4:31  Queen  
  48  4:33  Roach x6  
  48  4:37  Drone  
  51  4:47  Roach x4  
  45  5:00  Drone  
  45  5:01  Drone x2  
  46  5:20  Overlord, Drone x2  
  48  5:21  Evolution Chamber  
  48  5:25  Spore Crawler, Drone  
  47  5:29  Drone x2  
  47  5:30  Drone  
  50  5:39  Spore Crawler  
  49  5:50  Zerg Missile Weapons Level 1  
  49  5:52  Lair  
  49  5:54  Drone x2  
  49  5:55  Drone x2  
  53  6:00  Extractor  
  53  6:01  Drone  
  53  6:14  Drone x2  
  53  6:15  Drone  
  56  6:21  Extractor  
  55  6:29  Overlord  
  55  6:30  Overlord  
  55  6:31  Hatchery  
  54  6:37  Drone x3  
  57  6:55  Hydralisk Den  
  57  6:57  Infestation Pit  
  57  7:01  Overseer  
  55  7:06  Overlord  
  55  7:10  Drone x2  
  57  7:24  Hydralisk x3  
  57  7:25  Hydralisk x3  
  57  7:26  Queen  
  69  7:30  Roach x5  
  69  7:33  Grooved Spines, Hydralisk x2  
  69  7:34  Hydralisk x2  
  50  8:06  Hydralisk x5  
  50  8:07  Hydralisk x2  
  50  8:08  Hydralisk  
  57  8:13  Hydralisk  
  42  8:39  Swarm Host  
  42  8:40  Swarm Host  
  41  9:07  Swarm Host  
  15  9:55  Drone  
Show
View Real Time Build Order
Export as new Build Order

Endofo Protoss - Winner!

Build Orders:  

Get SALT Encoding   

  12  0:00  Probe  
  13  0:13  Probe  
  14  0:21  Pylon  
  14  0:25  Probe  
  15  0:45  Gateway  
  15  0:48  Probe  
  16  0:57  Pylon  
  16  1:00  Assimilator, Probe  
  17  1:08  Assimilator  
  17  1:12  Probe  
  18  1:24  Probe  
  19  1:35  Cybernetics Core  
  19  1:37  Probe  
  20  1:49  Probe  
  21  1:56  Forge  
  21  1:57  Zealot (Chrono Boost)  
  23  2:01  Probe  
  24  2:13  Probe (Chrono Boost), Pylon  
  25  2:18  Stalker (Chrono Boost)  
  27  2:25  Probe (Chrono Boost)  
  28  2:37  Twilight Council  
  28  2:45  Warp Gate  
  28  2:53  Robotics Facility  
  28  2:54  Probe  
  29  3:20  Charge (Chrono Boost)  
  29  3:35  Stalker  
  29  3:40  Nexus, Protoss Ground Weapons Level 1  
  31  3:56  Immortal  
  35  4:06  Pylon  
  35  4:14  Shield Battery  
  35  4:19  Stalker  
  37  4:39  Gateway  
  37  4:42  Gateway  
  32  5:05  Observer  
  33  5:21  Gateway  
  33  5:22  Gateway  
  33  5:24  Gateway  
  33  5:29  Probe x2  
  33  5:30  Stalker  
  37  5:41  Probe x2  
  39  5:50  Warp Prism  
  39  5:53  Probe x2  
  43  6:05  Probe x2  
  45  6:13  Zealot x2  
  45  6:14  Pylon  
  45  6:18  Sentry  
  51  6:22  Probe (Chrono Boost)  
  51  6:23  Probe (Chrono Boost)  
  55  6:33  Probe (Chrono Boost)  
  55  6:34  Probe (Chrono Boost)  
  55  6:38  Immortal  
  55  6:39  Probe x2 (Chrono Boost)  
  61  6:48  Probe  
  62  6:59  Assimilator  
  62  7:14  Zealot x4  
  70  7:24  Pylon x2  
  70  7:26  Pylon  
  64  7:44  Zealot x5  
  64  7:45  Zealot  
  60  8:07  Zealot x3  
  60  8:08  Zealot x3  
  70  8:25  Immortal  
  70  8:31  Gateway  
  70  8:32  Zealot x4  
  70  8:33  Gateway  
  72  8:58  Zealot x2  
  72  8:59  Zealot x4  
  77  9:25  Zealot x6  
  89  9:36  Templar Archives  
  85  9:48  Observer  
Tags
 
Add a new tag
Caveats
  • Supply blocks, unpowered buildings, or Contaminate may cause inaccurate times.
  • Supply counts are checked every 10 seconds.